 Dungeon Crawl Stone Soup version 0.25.1-2-g60ff931df9 (webtiles) character file.

Game seed: 11630406508954489323

443 growler the Chiller (level 6, -10/41 HPs)
             Began as a Vampire Ice Elementalist on Oct 21, 2020.
             Mangled by Duvessa
             ... wielding a +0 rapier
              (11 damage)
             ... on level 4 of the Dungeon.
             The game lasted 00:06:46 (3464 turns).

growler the Chiller (Vampire Ice Elementalist)      Turns: 3464, Time: 00:06:46

Health: -10/41     AC:  2    Str:  6 (7)  XL:     6   Next: 71%
Magic:  0/10       EV: 12    Int: 17 (19) God:
Gold:   122        SH:  0    Dex: 14 (15) Spells: 4/11 levels left

rFire    . . .     SeeInvis +   t - +0 hand axe
rCold    . . .     Gourm    .   (no shield)
rNeg     . . .     Faith    .   a - +0 robe
rPois    .         Spirit   .   (no helmet)
rElec    .         Reflect  .   (no cloak)
rCorr    .         Harm     .   (no gloves)
MR       .....                  (no boots)
Stlth    ++........             (no amulet)
HPRegen  0.33/turn              (no ring)
MPRegen  0.12/turn              (no ring)

@: very slightly contaminated, regenerating quickly
A: no food, fangs 3, see invisible, unbreathing
a: Exsanguinate


You were on level 4 of the Dungeon.
You were alive.

You visited 1 branch of the dungeon, and saw 4 of its levels.

You collected 122 gold pieces.

Inventory:

Hand Weapons
 t - a +0 hand axe (weapon)
   (You found it on level 4 of the Dungeon)
 u - a +0 dagger
   (You took it off an orc on level 4 of the Dungeon)
 v - a +2 dagger of speed
   (You took it off Dowan on level 4 of the Dungeon)
Armour
 a - a +0 robe (worn)
Jewellery
 h - an uncursed amulet of magic regeneration {unknown}
   (You found it on level 1 of the Dungeon)
 l - an uncursed amulet of faith {unknown}
   (You found it on level 2 of the Dungeon)
 s - the brooch of Shielding {Spirit SH+8}
   (You found it on level 4 of the Dungeon)

   [amulet of guardian spirit]

   It causes incoming damage to be split between your health and magic.
   It affects your SH (+8).
Scrolls
 c - 3 scrolls of remove curse {unknown}
 i - 2 scrolls of blinking {unknown}
 j - 3 scrolls of enchant weapon {unknown}
 q - 4 scrolls of identify {unknown}
 r - a scroll of teleportation {unknown}
Potions
 b - 2 potions of flight {unknown}
 d - a potion of heal wounds {unknown}
 e - 2 potions of degeneration {!q}
 f - 3 potions of stabbing {unknown}
 g - a potion of magic {unknown}
 k - a potion of mutation {unknown}
 m - a potion of invisibility {unknown}
 n - a potion of cancellation {unknown}
 o - a potion of lignification {unknown}
 p - a potion of brilliance {unknown}


   Skills:
 - Level 2.1 Dodging
 - Level 3.0 Stealth
 + Level 3.2 Spellcasting
 + Level 7.6 Ice Magic


You had 4 spell levels left.
You knew the following spells:

 Your Spells              Type           Power        Failure   Level  Hunger
a - Freeze                Ice            ####         1%          1    N/A
b - Frozen Ramparts       Ice            ####..       2%          3    N/A
c - Ozocubu's Armour      Chrm/Ice       ###.....     11%         3    N/A

Your spell library contained the following spells:

 Spells                   Type           Power        Failure   Level  Hunger
 Hailstorm                Conj/Ice       ###.....     34%         4    N/A
 Summon Ice Beast         Ice/Summ       ###.....     34%         4    N/A

Dungeon Overview and Level Annotations

Branches:
Dungeon (4/15)
 Temple: D:4-7

Altars:
Cheibriados
Gozag
Hepliaklqana
Okawaru
The Shining One

Shops:
D:4 [

Annotations:
D:4 Duvessa


Innate Abilities, Weirdness & Mutations

You do not eat.
Your natural rate of healing is unusually fast.
You have razor-sharp teeth.
You have supernaturally acute eyesight. (SInv)
You can survive without breathing.


Message History

You hit the orc. The orc misses you.
You hit the orc but do no damage. The orc hits you with a +0 short sword!
You barely miss the orc. The orc hits you with a +0 short sword!
The orc hits you but does no damage.
You hit the orc.
You kill the orc!
Found Yrunagin's Antique Armour Emporium.
You see here a +0 short sword.
Duvessa, Sister of Dowan comes into view.
She is wielding a +0 rapier and carrying a wand of random effects (18).
You see here a +0 falchion.
Unknown command.
Duvessa shouts!
Duvessa goes berserk!
You see here a +0 short sword.
You hear a shout!
You see here a +0 robe.
You hear a shout!
Duvessa rages.
The walls around you are covered in ice.
The wall freezes Duvessa. x2
The wall freezes Duvessa.
Things that are here:
a +0 trident; a +0 plate armour; an orc corpse The wall freezes Duvessa.
The wall freezes Duvessa. x2
You miscast Ozocubu's Armour.
You are very lightly contaminated with residual magic.
Nothing appears to happen.
The wall freezes Duvessa.
Duvessa closely misses you. A film of ice covers your body!
The wall freezes Duvessa.
Duvessa hits you with a +0 rapier.
The wall freezes Duvessa.
Duvessa hits you with a +0 rapier!
* * * LOW HITPOINT WARNING * * *
Aim: Duvessa, wielding a +0 rapier, wearing a +0 scale mail and carrying a wand of random effects (18) (severely wounded, berserk)
You freeze Duvessa!
The frozen ramparts melt away.
Duvessa hits you with a +0 rapier!
* * * LOW HITPOINT WARNING * * *
That item cannot be evoked!
You aren't carrying any items that you can evoke.
Your icy armour cracks and falls away as you move.
Duvessa hits you with a +0 rapier.
* * * LOW HITPOINT WARNING * * *
Duvessa hits you with a +0 rapier!
* * * LOW HITPOINT WARNING * * *
It was a potion of degeneration.
There was something very wrong with that liquid.
You feel weakened.
You feel dopey.
You feel clumsy.
e - 2 potions of degeneration;
c - 3 scrolls labeled JISATO ZOETOEBOFF Duvessa hits you with a +0 rapier!
You die...

.............## ..............#
............#.##
............#..# #####
...........###.# e...####.#
....#.....####.###### .........#
### ####.##.........#
...)###############..#.........#
....).[...)....e@..............#
....#################.[........#
....# #..........# ....#
###.######## $...# #<..# #####
###.# ###


You could see Duvessa (berserk).

Vanquished Creatures
  An orc warrior (D:4)
  A centaur (D:3)
  Dowan (D:4)
  2 orc wizards (D:4)
  A worker ant (D:4)
  3 adders
  A howler monkey skeleton (D:4)
  6 worms
  3 dart slugs
  A leopard gecko (D:1)
  13 orcs
  2 ball pythons
  3 giant cockroaches
  4 goblins
  9 hobgoblins
  2 jackals (D:4)
  2 quokkas (D:3)
  A ball python skeleton (D:4)
  8 bats
  4 frilled lizards
  3 kobolds
  10 rats
81 creatures vanquished.

Notes
Turn   | Place    | Note
-------+----------+-------------------------------------------
     0 | D:1      | growler the Vampire Ice Elementalist began the quest for
                  | the Orb.
     0 | D:1      | Reached XP level 1. HP: 13/13 MP: 3/3
   515 | D:1      | Reached XP level 2. HP: 18/19 MP: 3/5
   583 | D:1      | Found a glowing golden altar of the Shining One.
  1444 | D:2      | Reached skill level 5 in Ice Magic
  1444 | D:2      | Reached XP level 3. HP: 24/24 MP: 2/6
  1449 | D:2      | Learned a level 3 spell: Frozen Ramparts
  2360 | D:3      | Found an iron altar of Okawaru.
  2361 | D:3      | Found a snail-covered altar of Cheibriados.
  2433 | D:3      | Noticed a centaur
  2460 | D:3      | Killed a centaur
  2460 | D:3      | Reached skill level 6 in Ice Magic
  2460 | D:3      | Reached XP level 4. HP: 8/30 MP: 0/7
  2460 | D:3      | Reached XP level 5. HP: 9/35 MP: 0/8
  3066 | D:3      | Found an opulent altar of Gozag.
  3067 | D:3      | Found a hazy altar of Hepliaklqana.
  3111 | D:4      | Found the brooch of Shielding {Spirit SH+8}
  3149 | D:4      | Reached skill level 7 in Ice Magic
  3168 | D:3      | Reached XP level 6. HP: 34/41 MP: 1/9
  3300 | D:4      | Learned a level 3 spell: Ozocubu's Armour
  3400 | D:4      | Noticed an orc warrior
  3401 | D:4      | Noticed Dowan
  3407 | D:4      | Killed Dowan
  3412 | D:4      | Killed an orc warrior
  3436 | D:4      | Found Yrunagin's Antique Armour Emporium.
  3444 | D:4      | Noticed Duvessa
  3463 | D:4      | HP: 1/41 [Duvessa/+0 rapier (10)]
  3464 | D:4      | Mangled by Duvessa

Illustrated notes

Levels and vault maps discovered:
D:1:      dpeg_arrival_connections, layout_basic, tso_metal_star
D:2:      layout_loops_ring
D:3:      minmay_inner_zag, layout_loops_ring, nicolae_overflow_hidden_temple,
          first_ration
D:4:      layout_rooms, serial_shops, nicolae_shop_waterfront, uniq_duvessa

Skill      XL: |  1  2  3  4  5  6 |
---------------+-------------------+-----
Ice Magic      | 5 6 7 |  7.6
Spellcasting   | 3 |  3.2
Dodging        | |  2.1
Stealth        | |  3.0

Action                   |  1- 3 |  4- 6 || total
-------------------------+-------+-------++-------
Melee: Unarmed           |    22 |     3 ||    25
       Bite              |     4 |     1 ||     5
       Hand axe          |       |    27 ||    27
 Cast: Freeze            |    64 |    14 ||    78
       Frozen Ramparts   |     3 |     8 ||    11
       Ozocubu's Armour  |       |     1 ||     1
  Use: Potion            |       |     1 ||     1
 Stab: Sleeping          |     3 |       ||     3
Armor: Robe              |    15 |     2 ||    17
Dodge: Dodged            |    34 |    24 ||    58
